 Dungeon Crawl Stone Soup version 0.31-a0-466-g98c9adc2b6 (webtiles) character file.

Game seed: 7792004798257323479

62 HallandMoats the Trooper (level 3, 0/30 HPs)
             Began as a Demonspawn Fighter on Aug 5, 2023.
             Slain by a worm (5 damage)
             ... on level 2 of the Dungeon.
             The game lasted 00:01:41 (848 turns).

HallandMoats the Trooper (Demonspawn Fighter)        Turns: 848, Time: 00:01:42

Health: 0/30       AC:  6    Str: 16    XL:     3   Next: 85%
Magic:  4/4        EV:  8    Int: 11    God:
Gold:   41         SH:  4    Dex: 12    Spells: 2/2 levels left

rFire   . .          .
                       - Unarmed
rCold   . . .        c - +0 buckler
rNeg    . . .        b - +0 scale mail
rPois   .            (no helmet)
rElec   .            (no cloak)
rCorr   .            (no gloves)
SInv    .            (no boots)
Will    .....        (no amulet) Stlth
                     (no ring)
HPRegen 0.25/turn    (no ring)
MPRegen 0.09/turn

%: no passive effects
@: no status effects
A: claws 1, hooves 1
a: no special abilities


You were on level 2 of the Dungeon.
You visited 1 branch of the dungeon, and saw 2 of its levels.

You collected 41 gold pieces.

Inventory:

Armour
 b - a +0 scale mail (worn)
 c - a +0 buckler (worn)
Talismans
 i - a maw talisman
Scrolls
 a - 2 scrolls of teleportation {unknown}
 e - a scroll of amnesia {unknown}
 f - a scroll of noise {unknown}
 g - 3 scrolls of identify {unknown}
 h - a scroll of enchant armour {unknown}
Potions
 d - a potion of might
 j - a potion of heal wounds {unknown}


   Skills:
 + Level 3.7 Fighting
 - Level 2.0 Axes
 - Level 2.6 Armour
 - Level 2.6 Shields
 + Level 1.3 Unarmed Combat
 + Level 2.5 Invocations


You had 2 spell levels left.
You didn't know any spells.
Your spell library contained the following spells:

 Spells                   Type           Power      Damage    Failure   Level
 Sublimation of Blood     Necr           0%         N/A       94%         2
 Wereblood                Tmut           0%         N/A       94%         2
 Summon Guardian Golem    Hex/Summ       0%         N/A       99%         3
 Orb of Destruction       Conj           0%         9d5       100%        7
 Spellforged Servitor     Conj/Summ      0%         N/A       100%        7
 Summon Hydra             Summ           0%         N/A       100%        7


Dungeon Overview and Level Annotations

Branches:
Dungeon (2/15)

Altars:


Innate Abilities, Weirdness & Mutations

You have sharp fingernails.
You have large cloven feet.


Message History

Natasha is almost dead.
You block Natasha's attack.
The cerulean imp hits you but does no damage.
Unknown command.
You scratch Natasha.
You kill Natasha!
Natasha screams in pain as she dies!
The cerulean imp disappears in a puff of smoke!
The goblin shoots a sling bullet.
You block the sling bullet.
A worm comes into view.
Your Unarmed Combat skill increases to level 1!
Found a stone staircase leading down.
The goblin shoots a sling bullet.
The sling bullet hits you.
* * * LOW HITPOINT WARNING * * *
Unknown command.
The goblin unwields a +0 sling.
The goblin wields a +0 club.
The goblin barely misses you.
You scratch the goblin.
You kill the goblin!
The worm barely misses you.
Things that are here:
a +0 club; a +0 sling; a goblin corpse You scratch the worm.
You kick the worm, but do no damage.
The worm is moderately wounded.
You block the worm's attack.
You scratch the worm. You kick the worm.
The worm is moderately wounded.
You scratch the worm.
The worm is moderately wounded.
The worm bites you but does no damage.
You scratch the worm.
The worm is heavily wounded.
You scratch the worm but do no damage. You kick the worm, but do no damage.
The worm is heavily wounded.
The worm bites you.
* * * LOW HITPOINT WARNING * * *
You scratch the worm. You kick the worm.
The worm is severely wounded.
The worm bites you.
You die...

#.
############
..
#...........
.###
#.##########
..# ##.###
#.# #....#
#.###)...# #
#........#
#.##..?.#.###
#..@#...#.#
###w##.##.#
#.##..#)#
#.###.#.# #.#
...# .####
#.# ##...
..... ...
..... #####
... .....
#.....


You could see a worm.

Vanquished Creatures
  Natasha (D:2)
  A dart slug (D:1)
  5 ball pythons
  3 endoplasms
  2 giant cockroaches (D:1)
  4 goblins
  5 hobgoblins (D:1)
  2 quokkas (D:1)
  2 bats (D:1)
  3 frilled lizards (D:1)
  3 kobolds
  2 rats
33 creatures vanquished.

Notes
Turn   | Place    | Note
-------+----------+-------------------------------------------
     0 | D:1      | HallandMoats the Demonspawn Fighter began the quest for the
                  | Orb.
     0 | D:1      | Reached XP level 1. HP: 18/18 MP: 1/1
    35 | D:1      | Reached skill level 1 in Invocations
    42 | D:1      | Discovered your monstrous ancestry.
    42 | D:1      | Gained mutation: You have sharp fingernails. [demonic
                  | ancestry]
    42 | D:1      | Reached XP level 2. HP: 11/24 MP: 2/2
   498 | D:1      | Gained mutation: You have large cloven feet. [demonic
                  | ancestry]
   498 | D:1      | Reached XP level 3. HP: 23/29 MP: 4/4
   829 | D:2      | Noticed Natasha
   838 | D:2      | Killed Natasha
   839 | D:2      | Reached skill level 1 in Unarmed Combat
   848 | D:2      | Slain by a worm

Illustrated notes

Levels and vault maps discovered:
D:1:      dpeg_arrival_tiny_f, layout_rooms
D:2:      layout_basic, basic_altar, uniq_natasha

Skill      XL: |  1  2  3 |
---------------+----------+-----
Axes           | 2 |  2.0
Invocations    | 1 2 |  2.5
Unarmed Combat | 1 |  1.3
Fighting       | |  3.7
Armour         | |  2.6
Shields        | |  2.6

Action                     || total
---------------------------++-------
  Melee: War axe           ||    11
         Unarmed           ||   125
         Kick              ||    10
 Armour: Scale mail        ||    59
  Dodge: Dodged            ||    59
  Block: Buckler           ||    40

Table legend: (Time is in decaauts)
 A = Elapsed time spent in this place.
 B = Non-inter-level travel time spent in this place.
 C = Inter-level travel time spent in this place.
 D = Time resting spent in this place.
 E = Time spent auto-exploring this place.
 F = Levels seen in this place.
 G = Mean time per level.
                   A        B        C        D        E       F      G
               +--------+--------+--------+--------+--------+-----+--------+
         Total |    855 |    855 |      0 |      0 |    593 |   2 |  427.5 |
       Dungeon |    855 |    855 |      0 |      0 |    593 |   2 |  427.5 |
               +--------+--------+--------+--------+--------+-----+--------+

Top non-repeatable levels by time:
     D:1: 733 daAuts
     D:2: 122 daAuts
